Map: Jagannatha LE

Players

Krystianer

  • Race: Protoss Protoss

Harstem - Winner!

  • Race: Protoss Protoss

Event: DreamHack SC2 Masters 2021 Fall

VOD

Have the link to the VOD?

Description

Time

  • Played on: July 29, 2021, 12:50 p.m.
  • Length: 12:25

All games in this series

Show
View Real Time Build Order
Export as new Build Order

Krystianer Protoss 

Build Orders:  

Get SALT Encoding   

  12  0:00  Probe  
  13  0:12  Probe  
  14  0:17  Pylon  
  14  0:24  Probe (Chrono Boost)  
  15  0:36  Probe (Chrono Boost)  
  15  0:37  Gateway  
  16  0:44  Probe (Chrono Boost)  
  16  0:46  Assimilator  
  17  0:50  Probe  
  17  0:54  Assimilator  
  18  1:03  Probe (Chrono Boost)  
  19  1:08  Gateway  
  20  1:12  Probe (Chrono Boost)  
  20  1:17  Probe (Chrono Boost)  
  20  1:24  Cybernetics Core  
  21  1:29  Probe  
  22  1:33  Pylon  
  22  1:41  Probe  
  23  1:53  Probe  
  24  1:57  Warp Gate (Chrono Boost)  
  24  2:00  Adept x2  
  28  2:13  Pylon  
  28  2:30  Adept x2  
  32  2:42  Nexus  
  32  2:53  Robotics Facility  
  31  3:02  Adept  
  31  3:03  Adept  
  35  3:16  Shield Battery  
  35  3:20  Pylon  
  35  3:27  Probe  
  35  3:41  Stalker  
  37  3:44  Immortal (Chrono Boost)  
  37  3:45  Sentry  
  41  3:51  Pylon  
  41  3:55  Shield Battery  
  39  4:13  Sentry x2  
  41  4:26  Nexus, Probe  
  40  4:38  Stalker x2  
  38  4:53  Immortal (Chrono Boost)  
  42  5:02  Sentry x2  
  44  5:09  Pylon  
  44  5:11  Probe  
  45  5:25  Warp Prism (Chrono Boost)  
  47  5:33  Probe  
  48  5:41  Probe  
  49  5:46  Probe  
  50  5:54  Immortal (Chrono Boost)  
  54  5:58  Probe  
  54  6:00  Probe  
  56  6:05  Pylon  
  56  6:14  Sentry  
  56  6:15  Adept  
  56  6:16  Probe  
  61  6:23  Shield Battery  
  61  6:24  Probe (Chrono Boost)  
  62  6:31  Probe (Chrono Boost)  
  63  6:36  Probe (Chrono Boost)  
  64  6:41  Immortal  
  64  6:43  Probe x2 (Chrono Boost)  
  70  6:49  Pylon  
  70  6:55  Adept x2  
  70  6:57  Probe  
  70  7:00  Probe  
  76  7:07  Twilight Council  
  76  7:09  Probe  
  77  7:16  Twilight Council, Probe  
  77  7:20  Pylon  
  77  7:21  Probe  
  79  7:26  Assimilator  
  79  7:28  Probe  
  80  7:35  Gateway  
  80  7:36  Gateway  
  78  7:46  Gateway  
  78  7:47  Gateway  
  78  7:48  Resonating Glaives (Chrono Boost)  
  78  7:49  Gateway  
  78  7:51  Gateway  
  78  8:09  Gateway  
  78  8:10  Dark Shrine  
  78  8:11  Assimilator  
  78  8:14  Adept x2  
  82  8:20  Pylon  
  82  8:31  Pylon  
  82  8:40  Adept  
  82  8:41  Adept x3  
  90  8:47  Pylon, Observer  
  91  9:05  Adept x4  
  91  9:07  Pylon  
  99  9:22  Dark Templar x4  
  107  9:37  Pylon  
  107  9:42  Nexus  
  107  9:59  Dark Templar  
  109  10:00  Dark Templar x2  
  109  10:01  Dark Templar  
  101  10:29  Adept x5  
  99  10:51  Adept x8  
  103  11:16  Adept x7  
  103  11:17  Adept  
  117  11:40  Adept x5  
  117  11:50  Adept x2  
  117  11:52  Adept  
  88  12:15  Adept x5  
Show
View Real Time Build Order
Export as new Build Order

Harstem Protoss - Winner!

Build Orders: Archon Immortal 

Get SALT Encoding   

  12  0:00  Probe  
  13  0:12  Probe  
  14  0:17  Pylon  
  14  0:24  Probe  
  15  0:35  Gateway  
  15  0:37  Probe (Chrono Boost)  
  16  0:47  Assimilator, Probe (Chrono Boost)  
  17  0:52  Probe (Chrono Boost)  
  17  0:55  Assimilator  
  18  1:03  Probe  
  19  1:08  Gateway  
  19  1:15  Probe  
  20  1:22  Cybernetics Core  
  20  1:27  Probe  
  21  1:33  Pylon  
  21  1:39  Probe  
  22  1:51  Gateway  
  22  1:52  Warp Gate (Chrono Boost)  
  23  1:58  Stalker  
  26  2:05  Stalker  
  26  2:07  Probe  
  27  2:12  Pylon  
  27  2:29  Pylon  
  27  2:31  Stalker  
  27  2:35  Stalker  
  30  2:40  Stalker  
  32  2:49  Probe  
  33  3:01  Pylon  
  33  3:04  Pylon  
  33  3:12  Shield Battery  
  33  3:26  Stalker x3  
  39  3:52  Nexus  
  40  4:02  Robotics Facility  
  37  4:04  Probe (Chrono Boost)  
  37  4:08  Sentry  
  40  4:12  Sentry  
  42  4:17  Probe (Chrono Boost)  
  43  4:24  Probe  
  43  4:27  Pylon  
  43  4:28  Phoenix  
  44  4:36  Probe  
  45  4:47  Immortal (Chrono Boost)  
  45  4:48  Probe  
  48  5:01  Shield Battery, Probe  
  48  5:05  Probe  
  50  5:13  Probe  
  51  5:17  Probe  
  51  5:18  Immortal (Chrono Boost)  
  56  5:25  Probe  
  56  5:28  Sentry  
  59  5:29  Probe  
  60  5:36  Twilight Council  
  60  5:37  Probe  
  60  5:41  Stalker  
  63  5:47  Phoenix  
  63  5:48  Probe  
  62  5:57  Zealot x2  
  62  6:02  Pylon  
  68  6:05  Warp Prism (Chrono Boost)  
  68  6:08  Blink (Chrono Boost)  
  68  6:11  Pylon  
  68  6:12  Probe  
  69  6:26  Probe  
  69  6:27  Probe  
  69  6:32  Gateway, Stalker  
  71  6:38  Stalker  
  76  6:47  Stalker  
  76  6:49  Assimilator  
  76  6:52  Immortal  
  81  6:54  Probe  
  81  6:59  Pylon  
  82  7:04  Probe  
  82  7:05  Forge  
  83  7:20  Probe  
  83  7:21  Stalker x3  
  83  7:22  Probe  
  91  7:35  Probe  
  92  7:37  Protoss Ground Weapons Level 1 (Chrono Boost), Probe  
  93  7:47  Pylon  
  93  7:49  Pylon  
  93  7:53  Charge  
  93  7:55  Pylon  
  93  7:58  Pylon  
  97  8:05  Immortal  
  97  8:11  Gateway  
  97  8:13  Gateway  
  97  8:14  Gateway  
  97  8:18  Assimilator  
  97  8:21  Templar Archives  
  97  8:22  Pylon  
  97  8:35  Zealot x4  
  105  8:49  Probe  
  106  8:57  Zealot  
  106  8:58  Zealot x3  
  106  8:59  Immortal  
  118  9:15  High Templar x2, Zealot  
  124  9:17  Pylon  
  124  9:21  Pylon, Archon  
  124  9:33  High Templar x2  
  124  9:36  Nexus  
  124  9:38  Archon  
  128  9:39  Shield Battery  
  128  9:45  Zealot x3  
  134  9:58  Zealot x2  
  138  10:00  Observer (Chrono Boost)  
  138  10:06  Photon Cannon  
  139  10:10  Probe  
  139  10:11  Probe  
  137  10:16  Observer  
  134  10:22  Probe  
  134  10:23  Probe  
  118  10:51  Probe  
  118  10:56  Nexus  
  119  11:02  Zealot x3  
  119  11:03  Zealot  
  119  11:04  Probe  
  126  11:13  High Templar x3  
  126  11:15  Probe  
  126  11:17  Pylon  
  133  11:19  Gateway  
  133  11:20  Archon  
  133  11:22  High Templar  
  133  11:23  Zealot x2  
  139  11:27  Archon, Probe  
  140  11:40  Probe  
  140  11:46  Zealot x4  
  149  11:47  High Templar x2  
  149  11:51  Archon  
  151  12:02  Zealot  
  151  12:06  Probe  
  132  12:09  Zealot x4  
  116  12:16  Zealot  

Tags
 
Add a new tag
Caveats
  • Supply blocks, unpowered buildings, or Contaminate may cause inaccurate times.
  • Supply counts are checked every 10 seconds.